 Dungeon Crawl Stone Soup version 0.13-a0-1762-gc06daff (webtiles) character file.

4568 Diracelecht the Envoy of Void (level 10, -1/69 HPs)
             Began as a Demonspawn Abyssal Knight on June 21, 2013.
             Was a High Priest of Lugonu.
             Succumbed to an orc wizard's poison
             ... on Level 1 of the Orcish Mines on June 22, 2013.
             The game lasted 00:40:30 (9641 turns).

Diracelecht the Envoy of Void (DsAK)                Turns: 9641, Time: 00:40:30

HP  -1/69        AC 21     Str 13      XL: 10   Next:  8%
MP  23/23        EV  8     Int 14      God: Lugonu [*****.]
Gold 368         SH  0     Dex 17      Spells:  0 memorised,  9 levels left

Res.Fire  : x . .   See Invis. : .   f - +1,+0 war axe
Res.Cold  : + + .   Warding    : .   u - +1 ice dragon armour
Life Prot.: . . .   Conserve   : .   (no shield)
Res.Poison: .       Res.Corr.  : .   x - +0 spiked helmet
Res.Elec. : .       Clarity    : +   r - +0 cloak
Sust.Abil.: . .     Spirit.Shd : +   q - +1 pair of elf gloves
Res.Mut.  : .       Stasis     : .   (no boots)
Res.Rott. : .       Flight     : .   j - amulet of clarity
Saprovore : . . .                    y - ring of regeneration
                                     n - +4 ring of dexterity

@: very poisoned, somewhat resistant to hostile enchantments, extremely
unstealthy
A: claws 2, magic shield, magic regeneration, AC +7, Dex -2
a: Depart the Abyss, Bend Space, Banish, Corrupt, Enter the Abyss, Renounce
Religion


You were on level 1 of the Orcish Mines.
You worshipped Lugonu.
Lugonu was exalted by your worship.
You were hungry.

You visited 3 branches of the dungeon, and saw 11 of its levels.
You visited the Abyss 1 time.

You collected 348 gold pieces.

Inventory:

Hand weapons
 a - a +2,+3 hand axe {=f}
 f - a +1,+0 war axe (weapon)
Missiles
 p - 16 stones (quivered)
Armour
 q - a +1 pair of elven gloves (worn)
 r - a +0 cloak (worn)
 u - a +1 ice dragon armour (worn)
 x - a +0 spiked helmet (worn)
Magical devices
 d - a wand of fireball (4)
Comestibles
 c - 5 bread rations
 h - a rotting chunk of orc flesh
 l - 4 chunks of orc flesh
 F - a meat ration
 G - an apple
Scrolls
 e - a scroll of magic mapping
 g - 3 scrolls of fear
 k - a scroll of fog
 m - 4 scrolls of remove curse
 C - a scroll of enchant weapon II
Jewellery
 b - an uncursed ring of sustenance
 j - an amulet of clarity (around neck)
 n - a +4 ring of dexterity (left hand)
 t - an uncursed ring of sustain abilities
 y - a ring of regeneration (right hand)
 J - an uncursed ring of protection from fire
Potions
 i - 3 potions of flight
 o - a potion of speed
 w - a potion of restore abilities
 A - a potion of agility
Books
 s - a book of Beasts

   Spells                             Type                      Level
   Summon Butterflies                 Summoning                    1
   Sticks to Snakes                   Transmutation                2
   Call Canine Familiar               Summoning                    3
   Ice Form                           Ice/Transmutation            4
   Summon Ice Beast                   Ice/Summoning                4
   Summon Hydra                       Summoning                    7


   Skills:
 - Level 3.0 Fighting
 + Level 10.6 Axes
 - Level 1.7 Armour
 - Level 0.8 Dodging
 - Level 11.0 Invocations


You had 9 spell levels left.
You didn't know any spells.

Dungeon Overview and Level Annotations

Branches:
Dungeon (9/27)             Temple (1/1) D:5             Orc (1/4) D:8
   Lair: D:8-13

Altars:
Ashenzari
Elyvilon
Fedhas
Kikubaaqudgha
Okawaru
Trog
Zin
the Shining One
Beogh

Annotations
D:8 glosham's ghost, experienced HETm
Abyss:1 Grinder


Innate Abilities, Weirdness & Mutations

You have very sharp fingernails.
You are mostly covered in rough black scales (AC +7, Dex -2).
When hurt, damage is shared between your health and your magic reserves.
You regenerate magic rapidly.


Message History

Unknown command.
Unknown command.
Drink which item? (? for menu, Esc to quit)
Okay, then.
Read which item? (? for menu, Esc to quit)
Okay, then.
You start resting.
* * * LOW HITPOINT WARNING * * *
You feel very sick.
You feel a little better.
You start resting.
You feel yourself speed up.
* * * LOW HITPOINT WARNING * * *
You feel sick.
You start resting.
* * * LOW HITPOINT WARNING * * *
You feel sick.
Unknown command.
You start resting.
You die...

#.... ##$.$#
##....###
##.....#.##
#.........##
##$..#.)....## .
#......)[#.#.##...
##...><)%.[........
#......)[.@)....#
#...............#.#
............(......
.............($#..#
.$.........##.....#
..........# ..#..
#........# .#..
......... ...
......


There were no monsters in sight!

Vanquished Creatures
  A hippogriff (D:9)
  2 sky beasts
  2 giant goldfish (D:8)
  An orc warrior (D:8)
  2 black bears (D:5)
  A yellow wasp (D:8)
  2 phantoms
  4 ogres
  6 centaurs
  Duvessa (D:6)
  6 giant frogs
  A crocodile (D:8)
  A giant frog skeleton (D:4)
  3 jellyfish (D:8)
  5 wights
  3 crimson imps
  Dowan (D:6)
  A quasit (D:8)
  3 goliath beetles
  3 hounds
  5 orc priests
  Crazy Yiuf (D:5)
  2 hound skeletons
  An iguana (D:4)
  7 worker ants
  2 big fish (D:8)
  7 orc wizards
  A scorpion (D:7)
  Ijyb (D:6)
  12 adders
  12 gnolls
  A scorpion zombie (D:8)
  2 worms
  2 giant eyeballs
  4 giant geckos
  27 orcs
  20 bats
  13 hobgoblins
  5 jackals (D:2)
  7 kobolds
  2 quokkas
  A ball python (D:5)
  3 giant cockroaches (D:4)
  5 giant newts
  12 goblins
  A hobgoblin skeleton (D:8)
  A hobgoblin zombie (D:8)
  An orc zombie (D:6)
  6 rats
  A rat zombie (D:7)
214 creatures vanquished.

Vanquished Creatures (others)
  A troll (D:9)
  A sky beast (D:4)
  An orc wizard (Orc:1)
  3 kobolds
6 creatures vanquished.

Grand Total: 220 creatures vanquished

Notes
Turn   | Place    | Note
--------------------------------------------------------------
     0 | Abyss:1  | Diracelecht, the Demonspawn Abyssal Knight, began the quest for the Orb.
     0 | Abyss:1  | Reached XP level 1. HP: 16/16 MP: 1/1
    19 | D:1      | Escaped the Abyss
   213 | D:1      | Found a shattered altar of Ashenzari.
   250 | D:1      | Gained mutation: You have sharp fingernails. [demonic ancestry]
   250 | D:1      | Reached XP level 2. HP: 19/22 MP: 3/3
   651 | D:2      | Acquired Lugonu's second power
   732 | D:2      | Gained mutation: When hurt, damage is shared between your health and your magic reserves. [demonic ancestry]
   732 | D:2      | Reached XP level 3. HP: 5/28 MP: 4/4
  1000 | D:2      | Reached skill level 4 in Invocations
  1460 | D:2      | Gained mutation: You regenerate magic rapidly. [demonic ancestry]
  1460 | D:2      | Reached XP level 4. HP: 26/34 MP: 4/6
  1478 | D:2      | Found a glowing golden altar of the Shining One.
  1769 | D:2      | Found an iron altar of Okawaru.
  1799 | D:2      | Acquired Lugonu's third power
  2006 | D:2      | Upgraded the game from 0.13-a0-1710-g777f831 to 0.13-a0-1762-gc06daff
  2162 | D:3      | Reached skill level 5 in Invocations
  2692 | D:3      | Reached XP level 5. HP: 18/39 MP: 5/9
  3071 | D:4      | Found a blossoming altar of Fedhas.
  3165 | D:4      | Noticed a sky beast
  3187 | D:4      | Banished a sky beast
  3187 | D:4      | Reached skill level 6 in Invocations
  3187 | D:4      | Gained mutation: You have very sharp fingernails. [demonic ancestry]
  3187 | D:4      | Reached XP level 6. HP: 8/46 MP: 4/12
  3528 | D:4      | Noticed an ogre
  3541 | D:4      | Killed an ogre
  3679 | D:4      | Paralysed by a giant eyeball for 4 turns
  3692 | D:4      | Reached skill level 7 in Invocations
  3692 | D:4      | Paralysed by a giant eyeball for 4 turns
  3707 | D:4      | Paralysed by a giant eyeball for 4 turns
  3780 | D:4      | Reached XP level 7. HP: 48/51 MP: 13/15
  3843 | D:4      | Reached skill level 5 in Axes
  3902 | D:4      | Acquired Lugonu's fourth power
  4337 | D:5      | Entered Level 5 of the Dungeon
  4417 | D:5      | Reached skill level 8 in Invocations
  4471 | D:5      | Found a bloodstained altar of Trog.
  4606 | D:5      | Found a staircase to the Ecumenical Temple.
  4653 | Temple   | Entered the Ecumenical Temple
  4812 | D:5      | Gained mutation: You are partially covered in rough black scales (AC +4, Dex -1). [demonic ancestry]
  4812 | D:5      | Reached XP level 8. HP: 18/58 MP: 5/18
  4974 | D:5      | Reached skill level 9 in Invocations
  5093 | D:5      | Noticed Crazy Yiuf
  5103 | D:5      | Paralysed by Crazy Yiuf for 6 turns
  5119 | D:5      | Killed Crazy Yiuf
  5579 | D:6      | Noticed Ijyb
  5668 | D:6      | Killed Ijyb
  5910 | D:6      | Noticed Duvessa
  5913 | D:6      | Noticed Dowan
  5930 | D:6      | Killed Duvessa
  5930 | D:6      | Reached skill level 10 in Invocations
  5978 | D:6      | Killed Dowan
  6139 | D:6      | Noticed Grinder
  6153 | D:6      | Paralysed by Grinder for 5 turns
  6158 | D:6      | Banished Grinder
  6367 | D:6      | Paralysed by a giant eyeball for 3 turns
  6390 | D:6      | Paralysed by a giant eyeball for 4 turns
  6396 | D:6      | Paralysed by a giant eyeball for 3 turns
  6403 | D:6      | Paralysed by a giant eyeball for 4 turns
  6411 | D:6      | Reached XP level 9. HP: 20/63 MP: 13/21
  6412 | D:6      | Paralysed by a giant eyeball for 4 turns
  7222 | D:6      | Acquired Lugonu's fifth power
  7648 | D:7      | Reached skill level 11 in Invocations
  8238 | D:8      | Found a staircase to the Orcish Mines.
  8485 | D:8      | Noticed glosham's ghost (experienced HETm)
  8720 | D:9      | Reached skill level 10 in Axes
  8864 | D:8      | HP: 2/63 [orc warrior/orcish short sword (5)]
  9178 | D:9      | Gained mutation: You are mostly covered in rough black scales (AC +7, Dex -2). [demonic ancestry]
  9178 | D:9      | Reached XP level 10. HP: 67/69 MP: 23/23
  9339 | D:8      | Found a roughly hewn altar of Beogh.
  9351 | Orc:1    | Entered Level 1 of the Orcish Mines
  9638 | Orc:1    | HP: 2/69 [poisoned by an orc wizard]
  9641 | Orc:1    | Succumbed to an orc wizard's poison

Action                   |  1- 3 |  4- 6 |  7- 9 | 10-12 || total
-------------------------+-------+-------+-------+-------++-------
Melee: Hand axe          |   121 |   103 |       |       ||   224
       War axe           |       |    76 |   802 |    78 ||   956
Throw: Stone             |     7 |    16 |    17 |     1 ||    41
       Javelin           |       |       |    11 |     4 ||    15
Invok: Banish            |       |     1 |     3 |       ||     4
Evoke: Wand              |       |       |     1 |       ||     1
  Use: Potion            |     2 |       |     3 |     1 ||     6
       Scroll            |       |    11 |    13 |     1 ||    25
 Stab: Sleeping          |     1 |     1 |       |       ||     2
       Distracted        |       |       |       |     1 ||     1
